AoeStats
← aac

Arabia

509513761Analyzed
1v1 RM · 6d ago on Sep 27, 2026· 55m 3s· 2 players
Game mode
Random Map
Map size
Tiny (2 player)
Population
200
Speed
Normal
Resources
Standard
Victory
Conquest
Starting age
Dark Age
Ending age
Imperial Age
RankedLock teamsTeams togetherTeam positionsShared explorationLock speedFull tech treeHidden civsTurbo modeCheats
Victory
Defeat
🇦🇷 Vietnamese · Argentina
403
+18
🇻🇪 Malians · Venezuela
438
-18
aac
0:39 Loom
11:59 Feudal Age
13:17 Wheelbarrow
12:29 Double-Bit Axe
16:15 Horse Collar
22:19 Stone Mining
24:33 Castle Age
22:27 Gold Mining
22:46 Padded Archer Armor
23:06 Fletching
24:09 Scale Mail Armor
24:20 Forging
25:37 Hand Cart
25:35 Bow Saw
25:28 Heavy Plow
27:41 Stone Shaft Mining
27:19 Thumb Ring
26:39 Pikeman
27:22 Squires
28:53 Bodkin Arrow
29:15 Chain Mail Armor
34:13 Leather Archer Armor
34:33 Iron Casting
39:12 Imperial Age
37:05 Ballistics
36:27 Treadmill Crane
36:58 Fortified Wall
40:10 Block Printing
40:58 Chemistry
40:04 Siege Engineers
40:33 Crop Rotation
41:07 Two-Man Saw
40:11 Bracer
39:35 Halberdier
39:39 Elite Skirmisher
42:16 Imperial Skirmisher
43:32 Plate Mail Armor
43:33 Ring Archer Armor
44:16 Town Watch
46:11 Town Patrol
Asesinoenserie
11:30 Feudal Age
21:58 Castle Age
21:25 Loom
29:00 Husbandry
28:52 Double-Bit Axe
33:44 Imperial Age
31:50 Scale Barding Armor
34:15 Cavalier
35:33 Chain Barding Armor
35:24 Forging
35:41 Fortified Wall
35:36 Murder Holes
39:16 Town Watch
46:13 Chemistry
45:36 Ballistics
46:22 Iron Casting
48:09 Chemistry
53:32 Thumb Ring
52:49 Crossbowman
53:04 Man-at-Arms
54:37 Elite Skirmisher
Connection lost

Rejoining the realm…

Still unreachable

The connection could not be restored.

Session expired

The server has moved on; the page needs a fresh start.